 Dungeon Crawl Stone Soup version 0.23-a0-710-gaad00d04af (webtiles) character file.

21564 Denox the Basher (level 12, 84/84 HPs)
             Began as a Gargoyle Fighter on July 11, 2018.
             Was the Champion of Okawaru.
             Quit the game on level 1 of the Lair of Beasts on Nov 29, 2019.
             The game lasted 00:50:29 (15139 turns).

Denox the Basher (Gargoyle Fighter)                Turns: 15139, Time: 00:50:30

Health: 84/84      AC: 29    Str: 28    XL:     12   Next: 91%
Magic:  12/12      EV:  9    Int: 10    God:    Okawaru [******]
Gold:   982        SH:  4    Dex:  9    Spells: 11/11 levels left

rFire    + . .     SeeInvis .   E - +9 great mace "Odebaot" {venom, rF+ MR+ Str+4}
rCold    . . .     Gourm    .   (shield currently unavailable)
rNeg     + + .     Faith    .   m - +0 chain mail
rPois    ∞         Spirit   .   l - +1 helmet
rElec    +         Reflect  .   h - +1 cloak
rCorr    .         Harm     +   (no gloves)
MR       +....                  p - +0 pair of boots
Stlth    ..........             F - amulet of harm
HPRegen  0.24/turn              C - +2 ring of slaying
MPRegen  0.13/turn              k - ring of positive energy

@: no status effects
A: large bone plates 1, slimy green scales 1, negative energy resistance 1,
screaming 1, electricity resistance, unbreathing, petrification resistance, rot
immunity, MP-powered wands, AC +8
a: Heroism, Finesse, Renounce Religion


You were on level 1 of the Lair of Beasts.
You worshipped Okawaru.
Okawaru was exalted by your worship.
You were not hungry.

You visited 4 branches of the dungeon, and saw 15 of its levels.
You also visited: Ossuary.

You collected 982 gold pieces.

Inventory:

Hand Weapons
 j - the +6 dire flail "Piqum" {holy, +Fly MP+9 Dex+4 Stlth+}
   (Okawaru gifted it to you on level 9 of the Dungeon)

   It has been blessed by the Shining One to cause great damage to the undead
   and demons.
   It affects your dexterity (+4).
   It affects your magic capacity (+9).
   It lets you fly.
   It makes you more stealthy.
 D - a +3 morningstar of flaming
 E - the +9 great mace "Odebaot" (weapon) {venom, rF+ MR+ Str+4}
   (Okawaru gifted it to you on level 12 of the Dungeon)

   It poisons the flesh of those it strikes.
   It affects your strength (+4).
   It protects you from fire.
   It affects your resistance to hostile enchantments.
Missiles
 G - 2 throwing nets (quivered)
Armour
 c - a +0 shield
 h - a +1 cloak (worn)
 l - a +1 helmet (worn)
 m - a +0 chain mail (worn)
 p - a +0 pair of boots (worn)
Jewellery
 b - an uncursed amulet of rage
 k - a ring of positive energy (right hand)
 s - an uncursed amulet of the acrobat
 w - an uncursed ring of flight
 C - a +2 ring of slaying (left hand)
 F - an amulet of harm (around neck)
Wands
 d - a wand of acid (16)
 v - a wand of iceblast (24)
 A - a wand of scattershot (3)
Scrolls
 a - 3 scrolls of fear
 e - 4 scrolls of identify
 g - a scroll of fog
 i - 8 scrolls of teleportation
 n - a scroll of amnesia
 o - 3 scrolls of remove curse
 q - 5 scrolls of immolation
 u - a scroll of blinking
 y - 2 scrolls of enchant weapon
Potions
 r - 11 potions of curing
 t - 2 potions of invisibility
 x - 3 potions of heal wounds
 z - 7 potions of flight
 H - a potion of cancellation
Comestibles
 f - 28 rations
 B - 3 chunks of flesh


   Skills:
 + Level 13.2 Fighting
 * Level 13.9 Maces & Flails
 - Level 10.9 Armour
 - Level 0.2 Dodging
 - Level 4.7 Shields


You had 11 spell levels left.
You didn't know any spells.
Your spell library contained the following spells:

 Spells                   Type           Power        Failure   Level  Hunger
 Apportation              Tloc           #.....       83%         1    ##.....
 Freeze                   Ice            #...         83%         1    ##.....
 Sandblast                Erth           #.....       83%         1    ##.....
 Sting                    Conj/Pois      #...         83%         1    ##.....
 Summon Butterflies       Summ           #.......     83%         1    ##.....
 Passwall                 Tmut/Erth      #.......     93%         2    ###....
 Poisonous Vapours        Pois/Air       #.....       93%         2    ###....
 Throw Frost              Conj/Ice       #.....       93%         2    ###....
 Lesser Beckoning         Tloc           #.........   99%         3    ####...
 Mephitic Cloud           Conj/Pois/Air  #.......     99%         3    ####...
 Ozocubu's Armour         Chrm/Ice       #.......     99%         3    ####...
 Stone Arrow              Conj/Erth      #.....       99%         3    ####...
 Tukima's Dance           Hex            #.......     99%         3    ####...
 Olgreb's Toxic Radiance  Pois           #.......     100%        4    #####..
 Petrify                  Tmut/Erth      #.......     100%        4    #####..
 Summon Ice Beast         Ice/Summ       #.......     100%        4    #####..
 Throw Icicle             Conj/Ice       #.......     100%        4    #####..
 Alistair's Intoxication  Tmut/Pois      #.......     100%        5    ######.
 Lee's Rapid Deconstruct  Erth           #.........   100%        5    ######.
 Venom Bolt               Conj/Pois      #.........   100%        5    ######.
 Invisibility             Hex            #.......     100%        6    #######


Dungeon Overview and Level Annotations

Branches:
Dungeon (12/15)            Temple (1/1) D:4            Lair (1/6) D:10
    Orc (1/2) D:12

Altars:
Ashenzari
Cheibriados
Dithmenos
Elyvilon
Fedhas
Gozag
Hepliaklqana
Kikubaaqudgha
Makhleb
Nemelex Xobeh
Okawaru
Qazlal
Ru
Sif Muna
Trog
Uskayaw
Vehumet
Wu Jian
Xom
Yredelemnul
Zin
The Shining One

Annotations:
D:10 exclusion: fire dragon


Innate Abilities, Weirdness & Mutations

You are resistant to torment.
Your stone body is resilient. (AC +8)
You are immune to poison.
You resist negative energy. (rN+)
You are resistant to electric shocks. (rElec)
You can survive without breathing.
You are immune to petrification.
You are immune to rotting.
You are partially covered in large bone plates. (SH +4)
You are partially covered in slimy green scales. (AC +2)
You occasionally shout uncontrollably at your foes.
You expend magic power (3 MP) to strengthen your wands.


Message History

Eating one of 4 chunks of flesh.
You eat one of the 4 chunks of flesh.
This raw flesh tastes terrible.
You enter the shallow water.
Moving in this stuff is going to be slow.
You enter the shallow water.
Moving in this stuff is going to be slow.
You enter the shallow water.
Moving in this stuff is going to be slow.
Done exploring.
Done exploring.
Done exploring.
Done exploring.
Welcome back, Denox the Gargoyle Fighter.
Okawaru says: Bring me glory in combat!
Press ? for a list of commands and other information.
Unknown command.
Quiver which item? (- for none, * to show all) (? for menu, Esc to quit)
Okay, then.
No item to drop.
Are you sure you want to abandon this character and quit the game? (Confirm with "yes".)

##...##.# ####........##
#....##.# #........#
#...###.######........##
#......................#
##......................
#......................
#.......######P#.......
#.......########.......
#.....@.##.P####.......
#......................
#......................
#####P###############.#
### ###


There were no monsters in sight!

Vanquished Creatures
  A hydra (D:12)
  2 two-headed ogres
  Pikel (D:6)
  An ugly thing (D:11)
  A cyclops (D:12)
  2 orc sorcerers
  A manticore (D:11)
  2 gargoyles
  3 spiny frogs (Lair:1)
  A kobold demonologist (D:9)
  2 komodo dragons (Lair:1)
  3 hornets
  A meliai zombie (D:11)
  3 trolls
  7 hippogriffs
  9 slime creatures
  A vampire (D:10)
  A shadow (D:10)
  A wraith (D:10)
  2 wyverns
  Eustachio (D:6)
  3 yaks (Lair:1)
  A steam dragon (D:8)
  A vampire mosquito (D:10)
  4 hungry ghosts
  Edmund (D:4)
  A warg (D:12)
  4 orc warriors
  3 slaves
  2 black bears
  A hornet zombie (D:12)
  3 ice beasts
  11 sky beasts
  3 ogres
  An eye of draining (D:8)
  3 centaurs
  2 phantoms
  2 crocodiles (Lair:1)
  A big kobold (D:12)
  2 gnoll sergeants
  17 bullfrogs
  6 killer bees
  2 scorpions
  19 wights
  A howler monkey (D:9)
  9 crimson imps
  2 quasits
  A bullfrog zombie (D:11)
  5 orc priests
  2 centaur zombies
  5 hounds
  2 human zombies (Ossuary)
  9 orc wizards
  4 bullfrog skeletons
  Crazy Yiuf (D:7)
  A gnoll shaman (D:6)
  6 iguanas
  5 jellies
  A centaur skeleton (D:12)
  Terence (D:2)
  5 worker ants
  A big kobold zombie (Ossuary)
  4 mummies (Ossuary)
  Robin (D:3)
  A howler monkey skeleton (D:6)
  14 adders
  23 gnolls
  2 shadow imps
  6 oozes
  4 adder skeletons
  An adder zombie (D:9)
  5 worms
  3 dart slugs
  9 leopard geckos
  38 orcs
  3 ball pythons
  4 giant cockroaches
  14 goblins
  7 hobgoblins
  13 jackals
  6 quokkas
  7 bats
  8 frilled lizards
  3 goblin zombies (Ossuary)
  A jackal zombie (D:5)
  12 kobolds
  A kobold zombie (Ossuary)
  A leopard gecko zombie (D:7)
  An orc zombie (Ossuary)
  A quokka skeleton (D:8)
  5 rats
398 creatures vanquished.

Vanquished Creatures (others)
  A slave (D:6)
  An orc priest (D:6)
  An orc wizard (D:6)
  2 orcs (D:6)
5 creatures vanquished.

Grand Total: 403 creatures vanquished

Notes
Turn   | Place    | Note
-------+----------+-------------------------------------------
     0 | D:1      | Denox the Gargoyle Fighter began the quest for the Orb.
     0 | D:1      | Reached XP level 1. HP: 14/14 MP: 1/1
   155 | D:1      | Reached XP level 2. HP: 19/19 MP: 2/2
   531 | D:1      | Reached XP level 3. HP: 24/24 MP: 3/3
   772 | D:2      | Reached XP level 4. HP: 26/29 MP: 4/4
  1096 | D:2      | Noticed Terence
  1132 | D:2      | Killed Terence
  1132 | D:2      | Reached XP level 5. HP: 32/33 MP: 5/5
  1881 | D:3      | Noticed Robin
  1905 | D:3      | Killed Robin
  1918 | D:3      | Reached XP level 6. HP: 23/38 MP: 6/6
  2747 | D:4      | Found a staircase to the Ecumenical Temple.
  2765 | Temple   | Entered the Ecumenical Temple
  3029 | Temple   | Became a worshipper of Warmaster Okawaru
  3125 | D:4      | Noticed Edmund
  3143 | D:4      | Killed Edmund
  3356 | D:4      | Reached skill level 5 in Fighting
  3356 | D:4      | Reached XP level 7. HP: 44/44 MP: 7/7
  3466 | D:5      | Entered Level 5 of the Dungeon
  3558 | D:5      | Reached skill level 5 in Armour
  4137 | D:6      | Noticed Eustachio
  4147 | D:5      | Reached skill level 5 in Maces & Flails
  4284 | D:6      | Reached * piety under Okawaru
  4322 | D:6      | Reached XP level 8. HP: 48/51 MP: 8/8
  4570 | D:6      | Killed Eustachio
  4590 | D:6      | Noticed Pikel
  4595 | D:6      | Killed Pikel
  4595 | D:6      | Reached ** piety under Okawaru
  4817 | D:6      | Reached *** piety under Okawaru
  4831 | D:6      | Reached XP level 9. HP: 56/57 MP: 9/9
  5663 | D:7      | Got a slimy lead ring
  5868 | D:7      | Reached **** piety under Okawaru
  6261 | D:7      | Found a runed door.
  6668 | D:7      | Noticed Crazy Yiuf
  6678 | D:7      | Killed Crazy Yiuf
  6789 | D:8      | Reached XP level 10. HP: 60/66 MP: 10/10
  6896 | D:8      | Found a sand-covered staircase.
  6902 | Ossuary  | Entered an ossuary
  7613 | D:8      | Identified the ring of Magafem {Ice rN+ Int+3 Slay-3} (You
                  | found it on level 7 of the Dungeon)
  7754 | D:8      | Noticed a two-headed ogre
  7785 | D:8      | Killed a two-headed ogre
  7785 | D:8      | Reached ***** piety under Okawaru
  7794 | D:8      | Gained mutation: You are resistant to hostile enchantments.
                  | (MR+) [potion of mutation]
  7794 | D:8      | Gained mutation: You are weak. (Str -2) [potion of
                  | mutation]
  7794 | D:8      | Gained mutation: You have a pair of small horns on your
                  | head. [potion of mutation]
  7795 | D:8      | Lost mutation: You have a pair of small horns on your head.
                  | [potion of mutation]
  7795 | D:8      | Lost mutation: You are resistant to hostile enchantments.
                  | (MR+) [potion of mutation]
  7795 | D:8      | Lost mutation: You are weak. (Str -2) [potion of mutation]
  7795 | D:8      | Gained mutation: You expend magic power (3 MP) to
                  | strengthen your wands. [potion of mutation]
  7795 | D:8      | Gained mutation: You are partially covered in large bone
                  | plates. (SH +4) [potion of mutation]
  7795 | D:8      | Gained mutation: You occasionally shout uncontrollably at
                  | your foes. [potion of mutation]
  7795 | D:8      | Gained mutation: You are partially covered in slimy green
                  | scales. (AC +2) [potion of mutation]
  8236 | D:8      | Received a gift from Okawaru
  8236 | D:8      | Reached skill level 10 in Fighting
  8236 | D:8      | Reached skill level 10 in Armour
  8503 | D:9      | Found a sparkling altar of Nemelex Xobeh.
  8876 | D:9      | Noticed a two-headed ogre
  8884 | D:9      | Killed a two-headed ogre
  8884 | D:9      | Reached XP level 11. HP: 73/73 MP: 11/11
  9054 | D:9      | Reached skill level 10 in Maces & Flails
  9267 | D:9      | Received a gift from Okawaru
  9270 | D:9      | Got a jewelled dire flail {god gift}
  9271 | D:9      | Identified the +6 dire flail "Piqum" {holy, +Fly MP+9 Dex+4
                  | Stlth+} (Okawaru gifted it to you on level 9 of the
                  | Dungeon)
  9767 | D:10     | Entered Level 10 of the Dungeon
  9908 | D:10     | Noticed an orc sorcerer
  9912 | D:10     | Noticed an orc sorcerer
  9928 | D:9      | Killed an orc sorcerer
  9933 | D:10     | Killed an orc sorcerer
 10234 | D:10     | Reached ****** piety under Okawaru
 10855 | D:10     | Noticed a fire dragon
 11053 | D:10     | Received a gift from Okawaru
 11071 | D:10     | Found a staircase to the Lair.
 11563 | D:11     | Got a bloodstained hunting sling
 11564 | D:11     | Identified the +7 hunting sling of Raenoib {velocity, Str+4
                  | Int+7} (You found it on level 11 of the Dungeon)
 11598 | D:11     | Noticed a white ugly thing
 11620 | D:11     | Killed a white ugly thing
 11620 | D:11     | Reached XP level 12. HP: 47/81 MP: 12/12
 13014 | D:12     | Noticed a six-headed hydra
 13021 | D:12     | Killed a six-headed hydra
 13348 | D:12     | Found a staircase to the Orcish Mines.
 13435 | D:12     | Received a gift from Okawaru
 13440 | D:12     | Got an iridescent great mace {god gift}
 13446 | D:12     | Identified the +9 great mace "Odebaot" {venom, rF+ MR+
                  | Str+4} (Okawaru gifted it to you on level 12 of the
                  | Dungeon)
 14112 | Orc:1    | Entered Level 1 of the Orcish Mines
 14118 | Orc:1    | Noticed a sun demon
 14329 | Lair:1   | Entered Level 1 of the Lair of Beasts
 14493 | Lair:1   | Upgraded the game from 0.22-a0-611-g46e8f3c735 to
                  | 0.23-a0-710-gaad00d04af
 15139 | Lair:1   | Quit the game

Vault maps used:
D:1:      minmay_arrival_split_and_join
D:2:      uniq_terence
D:3:      uniq_robin
D:4:      minmay_temple_entry_nine_rooms, dk_noncrumbling_2, uniq_edmund
D:5:      first_ration
D:6:      uniq_pikel, uniq_eustachio
D:7:      uniq_crazy_yiuf_cottage
D:8:      enter_ossuary_5
D:9:      nemelex_xobeh_ov_fountains_minmay, kennysheep_diamond,
          minmay_tree_intersection
D:10:     minmay_the_grid_3x3, lair_entry_dummy, uniq_erolcha
D:11:     hangedman_little_slice_of_home, st_stairs_10
D:12:     orc_0_dummy
Temple:   roderic_octagonal_lattice_temple
Lair:1:   wad_woods_road_01, infiniplex_staircase_pool_2, lemuel_fruit_fields
Orc:1:    basic_altar, minmay_orc_treasury
Ossuary:  ossuary_crypta

Skill      XL: |  1  2  3  4  5  6  7  8  9 10 11 12 |
---------------+-------------------------------------+-----
Shields        | 4 |  4.7
Maces & Flails | 3 4 5 6 8 9 12 13 | 13.9
Fighting       | 4 5 7 9 10 11 13 | 13.2
Armour         | 4 5 7 9 10 | 10.9
Dodging        | |  0.2

Action                   |  1- 3 |  4- 6 |  7- 9 | 10-12 || total
-------------------------+-------+-------+-------+-------++-------
Melee: Flail             |    89 |   380 |   418 |       ||   887
       Morningstar       |       |       |    22 |   725 ||   747
       Great mace        |       |       |       |    63 ||    63
Evoke: Wand              |       |       |       |     1 ||     1
  Use: Potion            |       |     4 |     4 |    12 ||    20
       Scroll            |       |     8 |     7 |     9 ||    24
 Stab: Invisible         |       |     2 |       |       ||     2
  Eat: Chunk             |       |     9 |    12 |    31 ||    52
       Ration            |       |       |       |     1 ||     1
Armor: Scale mail        |    52 |    64 |       |       ||   116
       Chain mail        |       |   170 |   323 |   343 ||   836
       Skin              |       |       |     3 |    17 ||    20
       Steam dragon scal |       |       |       |    64 ||    64
Dodge: Dodged            |    26 |    98 |   134 |   278 ||   536
Block: Shield            |    43 |   209 |   253 |   571 ||  1076
       Other             |       |       |       |     7 ||     7

Table legend:
 A = Non-vault XP
 B = Vault XP
 C = Vault XP percentage of total XP
 D = Non-vault monster count
 E = Vault monster count
 F = Vault count percentage of total count
                 A         B        C        D         E       F
            +---------+---------+-------+---------+---------+-------
      Total |   30807 |       0 |   0.0 |     395 |       0 |   0.0
            +---------+---------+-------+---------+---------+-------
        D:1 |      34 |       0 |   0.0 |      19 |       0 |   0.0
        D:2 |     187 |       0 |   0.0 |      36 |       0 |   0.0
        D:3 |     152 |       0 |   0.0 |      37 |       0 |   0.0
        D:4 |     264 |       0 |   0.0 |      10 |       0 |   0.0
        D:5 |     277 |       0 |   0.0 |      15 |       0 |   0.0
        D:6 |    2828 |       0 |   0.0 |      44 |       0 |   0.0
        D:7 |     775 |       0 |   0.0 |      16 |       0 |   0.0
        D:8 |    3428 |       0 |   0.0 |      36 |       0 |   0.0
        D:9 |    4412 |       0 |   0.0 |      43 |       0 |   0.0
       D:10 |    4925 |       0 |   0.0 |      37 |       0 |   0.0
       D:11 |    4169 |       0 |   0.0 |      48 |       0 |   0.0
       D:12 |    5758 |       0 |   0.0 |      28 |       0 |   0.0
     Lair:1 |    3410 |       0 |   0.0 |      14 |       0 |   0.0
    Ossuary |     188 |       0 |   0.0 |      12 |       0 |   0.0
            +---------+---------+-------+---------+---------+-------
